Map: Tours du crépuscule

Players

Harleydavids - Winner!

  • Race: Protoss Protoss
  • League: Silver
  • Spawn Location: 7:00

zidar

  • Race: Zerg Zerg
  • League: Silver
  • Spawn Location: 1:00

VOD

Have the link to the VOD?

Description

Time

  • Played on: Nov. 27, 2015, 10:55 a.m.
  • Length: 10:22
Show
View Real Time Build Order
Export as new Build Order

Harleydavids Protoss - Winner!

Build Orders: Cannon Rush 

Get SALT Encoding   

  12  0:02  Probe (Chrono Boost)  
  13  0:13  Probe (Chrono Boost)  
  14  0:20  Pylon  
  14  0:23  Probe (Chrono Boost)  
  15  0:38  Probe (Chrono Boost)  
  16  0:45  Forge  
  16  0:49  Probe (Chrono Boost)  
  17  0:52  Pylon  
  17  1:23  Photon Cannon  
  17  1:24  Photon Cannon  
  17  1:27  Photon Cannon  
  17  1:43  Photon Cannon  
  17  2:04  Nexus  
  17  2:08  Probe (Chrono Boost)  
  18  2:19  Probe (Chrono Boost)  
  18  2:22  Gateway  
  19  2:28  Assimilator  
  19  2:33  Assimilator  
  19  2:39  Pylon  
  19  2:46  Probe (Chrono Boost)  
  20  2:56  Probe (Chrono Boost)  
  21  3:06  Photon Cannon  
  21  3:07  Probe (Chrono Boost)  
  21  3:12  Cybernetics Core  
  22  3:17  Probe (Chrono Boost)  
  24  3:20  Probe (Chrono Boost)  
  24  3:30  Probe (Chrono Boost)  
  24  3:33  Probe (Chrono Boost)  
  26  3:41  Probe (Chrono Boost)  
  27  3:43  Probe (Chrono Boost)  
  28  3:51  Probe (Chrono Boost)  
  28  3:54  Probe (Chrono Boost)  
  30  4:02  Probe (Chrono Boost)  
  31  4:04  Probe (Chrono Boost)  
  32  4:10  Stargate  
  32  4:11  Stargate  
  32  4:12  Probe (Chrono Boost)  
  32  4:15  Probe (Chrono Boost)  
  34  4:23  Probe (Chrono Boost)  
  35  4:25  Probe (Chrono Boost)  
  36  4:32  Assimilator x2  
  36  4:33  Probe (Chrono Boost)  
  36  4:36  Probe (Chrono Boost)  
  38  4:44  Probe (Chrono Boost)  
  39  4:47  Probe (Chrono Boost)  
  40  4:54  Probe (Chrono Boost)  
  40  4:57  Probe (Chrono Boost)  
  42  5:05  Oracle x2, Probe (Chrono Boost)  
  49  5:08  Probe (Chrono Boost)  
  50  5:16  Probe (Chrono Boost)  
  51  5:26  Probe (Chrono Boost)  
  52  5:34  Protoss Air Weapons Level 1 (Chrono Boost)  
  52  5:45  Pylon  
  52  5:47  Pylon  
  52  5:50  Pylon  
  52  5:57  Stargate  
  52  6:02  Void Ray x2  
  60  6:04  Cybernetics Core  
  60  6:47  Void Ray x3  
  72  6:57  Protoss Air Armor Level 1 (Chrono Boost)  
  72  7:02  Robotics Facility  
  72  7:15  Stargate  
  72  7:31  Pylon  
  72  7:33  Pylon  
  72  7:40  Void Ray  
  76  7:48  Void Ray  
  76  7:49  Warp Prism  
  82  8:34  Void Ray x2  
  82  8:35  Void Ray  
  94  9:13  Pylon  
  94  9:15  Pylon  
  94  9:30  Void Ray  
Show
View Real Time Build Order
Export as new Build Order

zidar Zerg 

Build Orders: Hatch First 

Get SALT Encoding   

  12  0:01  Drone  
  13  0:13  Overlord  
  13  0:17  Drone  
  14  0:31  Drone x2  
  14  0:34  Drone  
  17  0:52  Drone  
  18  0:58  Hatchery  
  18  1:02  Drone  
  18  1:23  Spawning Pool  
  18  1:24  Drone  
  18  1:31  Drone  
  19  1:36  Overlord  
  19  1:45  Extractor, Drone  
  19  1:50  Drone  
  20  2:11  Queen  
  22  2:18  Queen  
  22  2:22  Drone x5  
  29  2:33  Drone  
  30  2:43  Roach Warren, Drone x2  
  31  3:06  Extractor  
  31  3:07  Drone x5  
  35  3:14  Overlord  
  34  3:37  Overlord x2  
  34  3:44  Drone x2  
  36  3:56  Drone x5  
  41  4:12  Queen  
  41  4:15  Queen  
  45  4:19  Roach x3, Hatchery  
  45  4:20  Roach x3  
  56  4:36  Roach  
  56  4:37  Roach  
  60  4:39  Overlord x3  
  60  4:40  Overlord  
  60  4:56  Evolution Chamber  
  60  4:57  Evolution Chamber  
  58  5:08  Roach x5  
  58  5:09  Roach x6  
  58  5:13  Lair  
  80  5:19  Drone  
  81  5:40  Overlord  
  81  5:41  Overlord x2  
  81  5:48  Zerg Missile Weapons Level 1, Zerg Ground Armor Level 1  
  81  5:56  Extractor  
  80  6:01  Extractor  
  64  6:28  Hydralisk Den  
  62  6:35  Spore Crawler  
  61  6:50  Spore Crawler  
  60  7:09  Drone  
  60  7:10  Drone x8  
  60  7:11  Drone x3  
  60  7:12  Drone x2  
  60  7:13  Drone  
  60  7:14  Drone  
  76  7:15  Drone  
  76  7:16  Drone x3  
  76  7:17  Drone x2  
  82  7:45  Extractor  
  82  7:46  Extractor  
  80  7:51  Queen  
  80  7:57  Drone x7  
  89  8:04  Drone  
  89  8:05  Drone x8  
  82  8:14  Hydralisk  
  82  8:15  Hydralisk x3  
  84  8:44  Hatchery  
  83  8:51  Hydralisk  
  83  8:52  Hydralisk x5  
  95  9:06  Drone x3  
  95  9:09  Drone  
  99  9:30  Roach  
  99  9:31  Roach x4  
Tags
 
Add a new tag
Caveats
  • Supply blocks, unpowered buildings, or Contaminate may cause inaccurate times.
  • Supply counts are checked every 10 seconds.